Map: Rust Bucket LE

Players

Lateralus - Winner!

  • Race: Zerg Zerg

Zergkiller - Winner!

  • Race: Zerg Zerg

Nitrate

  • Race: Protoss Protoss
  • League: Gold

Вагнер

  • Race: Terran Terran

VOD

Have the link to the VOD?

Description

Time

  • Played on: Feb. 25, 2026, 3:05 p.m.
  • Length: 12:45
Show
View Real Time Build Order
Export as new Build Order

Lateralus Zerg - Winner!

Build Orders: Hatch First 

Get SALT Encoding   

  12  0:02  Drone  
  13  0:10  Drone  
  14  0:34  Hatchery  
  13  0:46  Drone  
  14  0:56  Spawning Pool  
  13  1:05  Drone  
  13  1:10  Overlord  
  14  1:15  Extractor  
  14  1:16  Drone  
  14  1:38  Drone x2  
  14  1:39  Drone  
  17  1:45  Queen  
  19  1:47  Zergling x2  
  20  1:54  Zergling x2  
  21  2:02  Drone  
  21  2:03  Drone  
  23  2:18  Drone  
  23  2:19  Drone x2  
  26  2:26  Metabolic Boost  
  26  2:30  Extractor  
  26  2:34  Drone x3  
  28  2:44  Evolution Chamber  
  28  2:46  Drone  
  27  3:02  Drone  
  27  3:05  Overlord  
  28  3:08  Lair  
  27  3:24  Roach Warren  
  26  3:29  Drone x3  
  26  3:30  Drone x3  
  32  3:36  Drone x3  
  35  3:41  Overlord  
  35  3:47  Queen, Spore Crawler  
  36  3:55  Spore Crawler  
  36  3:56  Drone  
  36  4:00  Drone x2  
  36  4:02  Drone  
  39  4:05  Glial Reconstitution  
  39  4:07  Roach  
  43  4:10  Roach  
  43  4:12  Overlord  
  43  4:15  Overseer  
  43  4:17  Drone  
  44  4:29  Overlord  
  44  4:32  Roach x3  
  44  4:38  Zergling x2  
  51  4:39  Zergling x2  
  51  4:41  Overlord x2  
  52  4:49  Drone x2  
  54  4:58  Drone x2  
  56  5:05  Hydralisk Den, Drone x3  
  58  5:09  Hatchery  
  58  5:13  Spore Crawler  
  56  5:15  Drone x2, Spore Crawler  
  56  5:16  Spore Crawler  
  56  5:24  Extractor  
  56  5:25  Extractor  
  56  5:28  Drone x4  
  58  5:36  Drone  
  58  5:37  Drone x3  
  58  5:39  Spore Crawler  
  58  5:41  Spore Crawler  
  60  5:48  Hydralisk x2  
  64  5:51  Grooved Spines  
  64  5:53  Roach  
  66  6:10  Roach x4  
  66  6:11  Roach  
  75  6:18  Overlord  
  65  6:29  Roach x3  
  57  6:41  Zergling x2, Muscular Augments, Roach  
  57  6:42  Roach x3  
  57  6:46  Roach  
  56  6:56  Roach x2  
  46  7:10  Roach x2  
  46  7:15  Roach x2  
  41  7:22  Roach x2  
  45  7:23  Roach  
  45  7:27  Drone  
  46  7:30  Drone  
  46  7:37  Drone  
  48  7:41  Zergling x2  
  49  7:45  Queen  
  49  7:47  Drone  
  52  7:54  Hatchery  
  52  7:56  Roach  
  52  7:58  Zerg Missile Weapons Level 1  
  53  8:06  Infestation Pit, Overseer  
  53  8:07  Drone, Zergling x2  
  53  8:09  Hydralisk x2  
  58  8:16  Drone x3  
  61  8:20  Drone  
  61  8:25  Pneumatized Carapace  
  62  8:30  Hydralisk  
  62  8:33  Zergling x2  
  65  8:39  Drone x3  
  68  8:43  Overlord  
  68  8:54  Overlord x2  
  68  8:59  Evolution Chamber  
  67  9:04  Roach  
  67  9:05  Roach x3  
  67  9:08  Roach x3  
  81  9:10  Zergling x2  
  81  9:13  Hive  
  81  9:15  Zergling x4  
  84  9:18  Drone  
  85  9:27  Roach x2  
  89  9:33  Roach  
  89  9:36  Roach  
  89  9:37  Roach x2  
  81  9:54  Roach x5  
  81  10:09  Roach x6  
  81  10:10  Roach  
  71  10:17  Roach x2  
  71  10:18  Roach  
  67  10:24  Roach x2  
  65  10:38  Zergling x2, Roach x2  
  65  10:39  Roach  
  70  10:46  Spine Crawler  
  67  10:55  Roach x4  
  60  11:02  Roach x2  
  60  11:03  Roach  
  59  11:06  Roach  
  55  11:22  Roach x2  
  57  11:38  Roach x3  
  57  11:39  Roach x3  
  69  11:46  Roach  
  57  11:49  Roach x2  
  57  11:50  Roach x2  
  61  11:59  Roach x4  
  64  12:08  Roach  
  64  12:13  Zergling x2, Roach  
  59  12:20  Hydralisk  
  61  12:27  Drone x2  
Show
View Real Time Build Order
Export as new Build Order

Zergkiller Zerg - Winner!

Build Orders: Hatch First 

Get SALT Encoding   

  12  0:00  Drone  
  13  0:13  Overlord  
  13  0:18  Drone  
  14  0:34  Drone x2  
  16  0:44  Drone  
  17  1:03  Drone  
  18  1:07  Hatchery  
  17  1:13  Drone  
  18  1:21  Spawning Pool, Drone  
  18  1:22  Drone, Extractor  
  18  1:58  Drone  
  18  1:59  Overlord  
  19  2:09  Queen  
  21  2:22  Drone x3  
  24  2:23  Drone  
  24  2:26  Hatchery  
  24  2:29  Drone  
  25  2:35  Drone  
  26  2:39  Extractor  
  26  2:40  Drone  
  26  2:42  Metabolic Boost  
  26  2:44  Drone  
  27  2:56  Drone x2  
  27  2:57  Queen  
  31  3:07  Drone x2  
  31  3:11  Extractor  
  32  3:12  Extractor  
  32  3:14  Lair, Drone  
  32  3:16  Drone  
  33  3:31  Drone x3  
  36  3:35  Spore Crawler  
  36  3:37  Drone  
  36  3:38  Drone  
  36  3:40  Overlord  
  37  3:44  Drone x2  
  39  3:49  Drone x2  
  39  3:55  Drone  
  42  3:59  Drone x2  
  42  4:00  Drone  
  42  4:02  Drone  
  46  4:05  Drone  
  46  4:09  Drone x2  
  49  4:21  Drone  
  49  4:22  Spire  
  49  4:23  Overlord  
  49  4:27  Overlord  
  49  4:29  Pneumatized Carapace  
  50  4:31  Drone  
  50  4:44  Queen  
  50  4:45  Drone  
  53  4:46  Drone x5  
  53  4:48  Drone  
  53  4:50  Drone x2  
  53  4:52  Drone  
  62  4:55  Drone x2  
  62  4:57  Drone  
  62  4:58  Drone  
  66  5:07  Overlord  
  66  5:14  Extractor  
  66  5:15  Spore Crawler  
  66  5:16  Queen  
  66  5:26  Drone x3  
  69  5:30  Extractor  
  69  5:32  Spore Crawler  
  67  5:39  Drone  
  67  5:40  Drone x5  
  67  5:41  Overlord x2  
  73  5:49  Overlord x2  
  73  5:51  Zerg Flyer Weapons Level 1  
  73  6:04  Spore Crawler  
  72  6:07  Mutalisk x8  
  88  6:17  Mutalisk x2  
  88  6:18  Mutalisk x5  
  102  6:31  Mutalisk x2  
  102  6:54  Mutalisk x2  
  104  7:05  Mutalisk x3  
  106  7:22  Overlord  
  106  7:23  Overlord  
  106  7:28  Overlord x3  
  106  7:46  Zerg Flyer Armor Level 1  
  102  8:02  Hatchery, Mutalisk  
  102  8:03  Mutalisk x9  
  102  8:05  Overlord x3  
  121  8:11  Extractor  
  120  8:25  Mutalisk  
  120  8:26  Zergling x2, Mutalisk x3, Spore Crawler  
  120  9:28  Extractor  
  112  9:47  Zergling x2  
  112  9:48  Zergling x36  
  108  11:16  Drone x2  
  108  11:17  Queen  
  96  11:42  Hydralisk Den  
Show
View Real Time Build Order
Export as new Build Order

Nitrate Protoss 

Build Orders: 1 Gate Expand 

Get SALT Encoding   

  12  0:00  Probe  
  13  0:13  Probe  
  14  0:18  Pylon  
  14  0:26  Probe  
  15  0:35  Probe  
  15  0:39  Gateway  
  16  0:44  Probe  
  16  0:45  Assimilator  
  17  0:54  Probe  
  18  1:06  Probe  
  19  1:18  Probe  
  20  1:29  Nexus  
  20  1:30  Probe  
  21  1:41  Probe  
  21  1:42  Cybernetics Core  
  22  1:51  Probe  
  23  1:57  Assimilator  
  23  1:58  Warp Gate  
  23  2:04  Pylon  
  23  2:13  Probe  
  23  2:19  Stalker  
  25  2:34  Probe  
  26  2:47  Stalker  
  28  2:55  Gateway  
  28  2:59  Probe  
  28  3:04  Probe  
  30  3:11  Gateway  
  30  3:12  Probe  
  31  3:16  Probe  
  32  3:26  Pylon  
  33  3:27  Probe  
  33  3:28  Probe  
  34  3:39  Probe  
  34  3:40  Probe, Twilight Council  
  36  3:44  Assimilator  
  36  3:45  Assimilator  
  36  3:51  Shield Battery, Probe  
  36  3:54  Stalker x2  
  41  3:57  Probe  
  42  4:03  Probe  
  42  4:05  Forge  
  42  4:06  Charge  
  43  4:11  Pylon  
  43  4:17  Pylon  
  43  4:22  Stalker x2  
  47  4:29  Probe  
  48  4:35  Pylon  
  48  4:37  Probe  
  49  4:41  Probe  
  49  4:42  Zealot  
  53  4:52  Probe  
  53  4:53  Gateway  
  53  4:58  Gateway  
  53  5:06  Robotics Facility  
  53  5:07  Probe, Protoss Ground Weapons Level 1  
  53  5:10  Zealot  
  56  5:15  Zealot  
  58  5:23  Zealot  
  60  5:35  Zealot  
  62  5:43  Zealot, Blink  
  62  5:49  Zealot x2  
  68  5:53  Warp Prism  
  68  5:56  Probe x2  
  72  6:07  Pylon  
  70  6:28  Probe  
  70  6:29  Stalker x3  
  70  6:30  Stalker x2  
  73  6:44  Photon Cannon  
  73  6:47  Photon Cannon  
  73  6:49  Photon Cannon  
  73  6:53  Photon Cannon  
  61  7:09  Stalker  
  61  7:10  Stalker x4  
  69  7:22  Shield Battery, Templar Archives  
  69  7:25  Shield Battery  
  63  7:40  Photon Cannon  
  63  7:41  Shield Battery  
  63  7:43  Photon Cannon  
  63  7:48  Stalker x2  
  61  7:59  Pylon  
  61  8:03  Pylon  
  61  8:11  Photon Cannon  
  61  8:14  Photon Cannon  
  61  8:18  Stalker x4  
  61  8:19  Psionic Storm  
  69  8:24  Photon Cannon  
  69  8:27  Warp Prism  
  71  8:46  Probe x2  
  73  9:00  Nexus  
  73  9:08  Protoss Ground Weapons Level 2  
  73  9:27  High Templar x4  
  73  9:28  High Templar  
  83  9:43  Pylon  
  83  9:44  Pylon  
  81  10:01  Stalker x2  
  81  10:02  Stalker  
  86  10:20  Warp Prism  
  67  10:29  Probe x2  
  69  10:36  Pylon  
  69  10:40  Pylon  
  69  10:41  Probe x2  
  71  10:50  Pylon  
  71  10:51  Pylon  
  71  10:53  Probe  
  71  10:55  Pylon  
  43  11:23  Zealot  
  43  11:24  Zealot  
  47  11:26  Zealot x2  
  51  11:36  Stalker  
  46  12:00  Probe  
  46  12:12  Probe  
  47  12:15  Stalker  
  47  12:16  Stalker x2  
  39  12:28  Probe  
Show
View Real Time Build Order
Export as new Build Order

Вагнер Terran 

Build Orders:  

Get SALT Encoding   

  12  0:00  SCV  
  13  0:13  SCV  
  14  0:25  Supply Depot, SCV  
  15  0:30  Refinery  
  15  0:48  Barracks  
  15  0:56  Supply Depot  
  15  0:59  SCV  
  17  1:11  SCV  
  17  1:24  SCV, Barracks  
  18  1:25  Refinery  
  18  1:39  Marine  
  19  1:43  SCV  
  20  1:56  SCV  
  21  2:01  Supply Depot  
  21  2:02  Marine  
  22  2:12  Engineering Bay  
  22  2:15  SCV  
  23  2:19  Barracks Tech Lab  
  23  2:24  Marine  
  24  2:38  Marauder  
  24  2:39  Concussive Shells  
  26  2:46  Terran Infantry Weapons Level 1  
  26  3:07  Orbital Command  
  26  3:15  Factory  
  26  3:18  Missile Turret  
  26  3:26  Barracks Tech Lab  
  26  3:40  Supply Depot, SCV  
  27  3:44  Marauder  
  27  3:48  Marine  
  29  3:52  SCV  
  31  4:00  Factory Tech Lab  
  31  4:04  SCV  
  31  4:06  Marine  
  31  4:08  Marine  
  34  4:20  Starport, SCV  
  35  4:25  Marine  
  36  4:36  Armory  
  36  4:39  Siege Tank  
  36  4:43  Terran Infantry Armor Level 1  
  39  4:47  Marine  
  39  4:49  Marine  
  41  4:55  Stimpack  
  41  4:58  Medivac  
  43  5:07  Marine  
  43  5:08  Marine  
  45  5:20  Supply Depot  
  45  5:25  Marine  
  45  5:26  Marine  
  47  5:29  Terran Vehicle Weapons Level 1  
  47  5:42  Medivac, Siege Tank  
  52  5:45  Supply Depot  
  52  5:51  Marauder  
  52  5:52  Marauder  
  56  6:00  Combat Shield  
  56  6:12  Marine  
  56  6:13  Marine  
  56  6:30  Marauder  
  56  6:31  Marauder  
  58  6:52  Marauder, Marine  
  45  7:11  Marauder  
  45  7:13  Marauder  
  46  7:18  Missile Turret  
  46  7:20  Missile Turret x2  
  38  7:32  Starport Reactor  
  38  7:34  Marine  
  38  7:35  Thor  
  47  7:42  Marine  
  46  7:52  Marine  
  46  7:55  Missile Turret  
  47  7:59  Missile Turret  
  47  8:00  Marine  
  48  8:10  Marine  
  49  8:16  Missile Turret  
  49  8:18  Marine  
  49  8:19  Missile Turret  
  50  8:20  Missile Turret  
  50  8:21  Missile Turret  
  72  8:27  Viking, Marine  
  50  8:34  Viking  
  55  8:36  Marine  
  56  8:45  Marine  
  57  8:54  Marine  
  58  9:00  Command Center  
  58  9:03  Marine  
  58  9:12  Marine  
  59  9:21  Marine  
  60  9:26  Missile Turret  
  60  9:27  Missile Turret  
  60  9:45  Siege Tank  
  62  9:50  Marine  
  38  10:17  Marine x2  
  38  10:19  Siege Tank  
  42  10:35  Marine x2  
  40  10:53  Marine x2  
  41  11:10  Marine  
  41  11:11  Marine  
  36  11:36  Marine x2  
  32  11:54  Marine x2  
  29  12:11  Marine  
  29  12:12  Marine  
Tags
 
Add a new tag
Caveats
  • Supply blocks, unpowered buildings, or Contaminate may cause inaccurate times.
  • Supply counts are checked every 10 seconds.